 Dungeon Crawl Stone Soup version 0.32-a0-685-g93135e86f0 (console) character file.

Game seed: 16273110832360359153

350 zenocrate the Sneak (level 6, -1/41 HPs)
             Began as an Octopode Earth Elementalist on Mar 12, 2024.
             Slain by a phantom (7 damage)
             ... on level 4 of the Dungeon.
             The game lasted 00:03:44 (2588 turns).

zenocrate the Sneak (Octopode Earth Elementalist)   Turns: 2588, Time: 00:03:44

Health: -1/41      AC:  1    Str:  8    XL:     6   Next: 60%
Magic:  1/10       EV: 13    Int: 19    God:
Gold:   161        SH:  0    Dex: 12    Spells: 2/10 levels left

rFire   + . .        a - staff of alchemy
rCold   + . .        (no shield)
rNeg    . . .        (helmet restricted)
rPois   +            (no amulet)
rElec   .            h - ring of see invisible
rCorr   .            g - ring of protection from fire
SInv    +            f - ring of protection from cold
Will    .....        (no ring)
Stlth   ++           (no ring)
HPRegen 0.26/turn    (no ring)
MPRegen 0.12/turn    (no ring)
                     (no ring)

%: no passive effects
@: on fire, about to teleport, very slightly contaminated, glowing
A: almost no armour, amphibious, 8 rings, camouflage 1, gelatinous body 1,
(nimble swimmer 1), tentacles
a: no special abilities


You were on level 4 of the Dungeon.
You visited 1 branch of the dungeon, and saw 4 of its levels.

You collected 161 gold pieces.

Inventory:

Hand Weapons
 s - the +4 scimitar of Ruolus {pain, rPois rF+ rN+ rCorr}
   (You found it on level 4 of the Dungeon)

   rF+:       It protects you from fire.
   rPois:     It protects you from poison.
   rN+:       It protects you from negative energy.
   rCorr:     It protects you from acid and corrosion.
Armour
 o - a +2 tower shield
Magical Staves
 a - a staff of alchemy (weapon)
 j - a staff of death
Jewellery
 b - a ring of ice
 f - a ring of protection from cold (on tentacle)
 g - a ring of protection from fire (right tentacle)
 h - a ring of see invisible (left tentacle)
Scrolls
 i - a scroll of teleportation
 k - a scroll of vulnerability {unknown}
 m - a scroll of fog {unknown}
 n - a scroll of fear {unknown}
 p - a scroll of revelation {unknown}
Potions
 c - a potion of mutation
 e - a potion of attraction
 r - a potion of curing {unknown}


   Skills:
 * Level 2.9 Fighting
 + Level 3.0 Dodging
 + Level 4.3 Stealth
 + Level 2.9 Spellcasting
 + Level 2.4 Conjurations
 + Level 3.7 Earth Magic
 + Level 1.6 Evocations


You had 2 spell levels left.
You knew the following spells:

 Your Spells              Type           Power      Damage    Failure   Level
a - Sandblast             Erth           34%        2d9       3%          1
b - Stone Arrow           Conj/Erth      28%        3d8       13%         3
c - Petrify               Alch/Erth      14%        N/A       56%         4

Your spell library contained the following spells:

 Spells                   Type           Power      Damage    Failure   Level
 Slow                     Hex            8%         N/A       16%         1
 Passwall                 Erth           17%        N/A       10%         3
 Brom's Barrelling Bould  Conj/Erth      14%        2d4       41%         4
 Confusing Touch          Hex            2%         N/A       43%         3
 Vampiric Draining        Necr           2%         2d6       43%         3


Dungeon Overview and Level Annotations

Branches:
Dungeon (4/15)             Temple (0/1) D:4

Altars:
Elyvilon

Shops:
D:4 :


Innate Abilities, Weirdness & Mutations

You cannot wear most types of armour.
You are amphibious.
You can wear up to eight rings at the same time.
Your skin changes colour to match your surroundings (Stealth+).
Your rubbery body absorbs attacks. (AC +1, EV +1)
((You are camouflaged when in or above water. (Stealth+)))
You have tentacles for arms and can constrict up to eight enemies at once.


Message History

Casting: Stone Arrow (dangerous; 13% risk of failure)
Confirm with . or Enter, or press ? or * to list all spells.
Aiming: Stone Arrow (dangerous; 13% risk of failure)
Press: ? - help, Shift-Dir - straight line, f/p - phantom
Aim: a phantom (56% to hit)
The stone arrow misses the phantom.
The liquid fire burns you! The phantom hits you.
The phantom blinks!
You blink.
Unknown command.
Casting: Stone Arrow (dangerous; 13% risk of failure)
Confirm with . or Enter, or press ? or * to list all spells.
You don't have enough magic to cast this spell.
You barely miss the phantom. Your squeeze misses the phantom.
The liquid fire burns you! The phantom barely misses you.
Unknown command.
You barely miss the phantom. The liquid fire burns you! The phantom hits you.
Unknown command.
You barely miss the phantom. The liquid fire burns you!
The phantom closely misses you.
Unknown command.
You shake off some of the fire as you move.
The liquid fire burns you!
Unknown command.
As you read the scroll of teleportation, it crumbles to dust.
You feel strangely unstable. The liquid fire burns you! The phantom hits you.
* * * LOW HITPOINT WARNING * * *
The phantom blinks!
You blink.
Unknown command.
Okay, then.
You barely miss the phantom. The liquid fire burns you!
* * * LOW HITPOINT WARNING * * *
The phantom hits you!
You die...

###### #....# ############
#....# ...........## #....#
............# #....#
............# #....#####
......†....[# #.........
............### #.........
..######>.....############......
#.#.##..............)....
###.#.#.§.@......####......
#.........W†.....####......
#...#.#....#†##............
#..#.#.#.##.#..........#####
....#...........#.#........##
..##....##.#.#.#.#....##∩##...
.......#....#.#.#...###########
#####..#...B...........###
#)...#.#.>.#.##......# #.#
.#.#...#.........# ?.
..B..#....#......#


You could see a phantom.

Vanquished Creatures
  Edmund (D:4)
  Blork the orc (D:4)
  A bombardier beetle (D:3)
  An iguana (D:4)
  5 adders
  3 ribbon worms
  2 dart slugs (D:1)
  3 orcs (D:2)
  4 endoplasms
  A giant cockroach (D:2)
  7 goblins
  5 hobgoblins
  4 jackals (D:1)
  4 kobolds
  5 ball pythons
  6 bats
  A frilled lizard (D:2)
  3 rats (D:1)
57 creatures vanquished.

Notes
Turn   | Place    | Note
-------+----------+-------------------------------------------
     0 | D:1      | zenocrate the Octopode Earth Elementalist began the quest
                  | for the Orb.
     0 | D:1      | Reached XP level 1. HP: 11/11 MP: 3/3
   104 | D:1      | Reached XP level 2. HP: 15/18 MP: 1/5
   154 | D:1      | Reached skill level 3 in Stealth
   433 | D:1      | Reached skill level 1 in Fighting
   433 | D:1      | Reached XP level 3. HP: 21/23 MP: 6/6
   437 | D:1      | Learned a level 3 spell: Stone Arrow
   685 | D:2      | Found a white marble altar of Elyvilon.
   927 | D:2      | Reached XP level 4. HP: 21/28 MP: 1/7
  1769 | D:3      | Reached XP level 5. HP: 34/34 MP: 8/8
  1774 | D:3      | Learned a level 4 spell: Petrify
  1927 | D:4      | Identified the +4 scimitar of Ruolus {pain, rPois rF+ rN+
                  | rCorr}
  2017 | D:4      | Noticed Blork the orc
  2026 | D:4      | Killed Blork the orc
  2027 | D:4      | Reached skill level 1 in Evocations
  2183 | D:4      | Noticed Edmund
  2199 | D:4      | Killed Edmund
  2200 | D:4      | Reached skill level 4 in Stealth
  2200 | D:4      | Reached XP level 6. HP: 18/41 MP: 4/10
  2429 | D:4      | Found a staircase to the Ecumenical Temple.
  2434 | D:4      | Found Fiypesag's Book Emporium.
  2588 | D:4      | Slain by a phantom

Illustrated notes

Levels and vault maps discovered:
D:1:      minmay_arrival_three_doors, layout_basic
D:2:      layout_basic, basic_altar, guppyfry_early_orc_mine
D:3:      layout_basic, small_statue_intersection
D:4:      layout_basic, nicolae_overflow_two_pavilions,
          minmay_temple_entry_ruins, serial_shops,
          nicolae_shop_just_a_little_nook, st_stairs_8, nicolae_the_louvre,
          uniq_blork_the_orc, uniq_edmund

Skill      XL: |  1  2  3  4  5  6 |
---------------+-------------------+-----
Stealth        | 3 4 |  4.3
Fighting       | 1 2 |  2.9
Conjurations   | 2 |  2.4
Evocations     | 1 |  1.6
Dodging        | 3 |  3.0
Spellcasting   | |  2.9
Earth Magic    | |  3.7

Action                     |  1- 3 |  4- 6 || total
---------------------------+-------+-------++-------
  Melee: Unarmed           |     4 |       ||     4
         Constrict         |     9 |     8 ||    17
         Tentacles         |     6 |     8 ||    14
         Short sword       |    19 |       ||    19
         Staff             |     5 |    38 ||    43
   Cast: Sandblast         |    28 |    21 ||    49
         Stone Arrow       |       |     7 ||     7
    Use: Scroll            |       |     5 ||     5
         Potion            |       |     3 ||     3
   Stab: Sleeping          |     5 |     2 ||     7
 Armour: Skin              |    12 |    30 ||    42
  Dodge: Dodged            |    20 |    30 ||    50

Table legend: (Time is in decaauts)
 A = Elapsed time spent in this place.
 B = Non-inter-level travel time spent in this place.
 C = Inter-level travel time spent in this place.
 D = Time resting spent in this place.
 E = Time spent auto-exploring this place.
 F = Levels seen in this place.
 G = Mean time per level.
                   A        B        C        D        E       F      G
               +--------+--------+--------+--------+--------+-----+--------+
         Total |   2602 |   2518 |     84 |      0 |   2088 |   4 |  650.5 |
       Dungeon |   2602 |   2518 |     84 |      0 |   2088 |   4 |  650.5 |
               +--------+--------+--------+--------+--------+-----+--------+

Top non-repeatable levels by time:
     D:2: 846 daAuts
     D:4: 657 daAuts
     D:1: 610 daAuts
     D:3: 489 daAuts
